 Dungeon Crawl Stone Soup version 0.29.1-12-g30fa7ad0bf (webtiles) character file.

Game seed: 7961926598781624199

13039 LustLizard the Grappler (level 11, -6/95 (111) HPs)
             Began as a Troll Fighter on Dec 25, 2022.
             Was a Priest of Wu Jian.
             Killed from afar by Nergalle (29 damage)
             ... with a bolt of negative energy
             ... on level 11 of the Dungeon.
             The game lasted 00:16:30 (7931 turns).

LustLizard the Grappler (Troll Fighter)             Turns: 7931, Time: 00:16:31

HP:   -6/95 (111)   AC: 19    Str: 36    XL:     11   Next: 70%
MP:   10/10         EV: 14    Int:  8    God:    Wu Jian [***...]
Gold: 550           SH: 10    Dex:  9    Spells: 10/10 levels left

rFire   x x .      SeeInvis .     - Unarmed
rCold   x x .      Faith    .   b - +1 kite shield
rNeg    . . .      Spirit   .   A - +0 acid dragon scales
rPois   +          Reflect  .   K - +2 hat {Will+}
rElec   .          Harm     .   E - +0 cloak
rCorr   +          Rampage  .   (gloves unavailable)
Will    +....                   (boots unavailable)
Stlth   +.........              m - amulet of Elemental Vulnerability {rPois rF-- rC-- AC+8}
HPRegen 1.05/turn               N - ring "Giygystrai" {EV+4 Str+4}
MPRegen 0.12/turn               F - +6 ring of strength

@: heavily drained
A: large, unfitting armour, claws 3, regeneration 1, shaggy fur 1, tough skin 1
a: Renounce Religion, Wall Jump, Serpent's Lash


You were on level 11 of the Dungeon.
You worshipped Wu Jian.
Wu Jian was most pleased with you.
You visited 2 branches of the dungeon, and saw 12 of its levels.
You also visited: Sewer.

You collected 550 gold pieces.

Inventory:

Missiles
 q - 5 throwing nets (quivered)
Armour
 a - a +0 robe
 b - a +1 kite shield (worn)
 A - +0 acid dragon scales (worn)
 E - a +0 cloak (worn)
 J - the +2 robe of Ovesak {rElec}
   (You found it on level 10 of the Dungeon)

   rElec:     It insulates you from electricity.
 K - a +2 hat of willpower (worn)
Jewellery
 m - the amulet of Elemental Vulnerability (around neck) {rPois rF-- rC-- AC+8}
   (You found it on level 3 of the Dungeon)

   [amulet of nothing]

   AC:        It affects your AC (+8).
   rF:        It makes you very vulnerable to fire.
   rC:        It makes you very vulnerable to cold.
   rPois:     It protects you from poison.
 n - a +6 ring of dexterity
 z - a ring of wizardry
 F - a +6 ring of strength (right claw)
 M - an amulet of faith
 N - the ring "Giygystrai" (left claw) {EV+4 Str+4}
   (You found it on level 11 of the Dungeon)

   [ring of evasion]

   EV:        It affects your evasion (+4).
   Str:       It affects your strength (+4).
Wands
 s - a wand of flame (5)
 t - a wand of mindburst (6)
 H - a wand of light (9)
 I - a wand of polymorph (6)
Scrolls
 e - 2 scrolls of amnesia {unknown}
 g - a scroll of magic mapping {unknown}
 i - 5 scrolls of blinking
 j - 3 scrolls of noise
 l - a scroll of torment {unknown}
 o - 7 scrolls of enchant armour
 u - 2 scrolls of poison
 w - a scroll of summoning {unknown}
 y - a scroll of fog {unknown}
 B - a scroll of vulnerability {unknown}
 C - 2 scrolls of teleportation {unknown}
 L - a scroll of enchant weapon {unknown}
Potions
 c - 3 potions of might
 d - 3 potions of haste
 f - 2 potions of brilliance
 h - 2 potions of berserk rage
 k - 3 potions of resistance
 p - 2 potions of flight
 r - a potion of magic
 v - 2 potions of heal wounds
 x - 5 potions of attraction
 D - a potion of ambrosia
 G - a potion of curing {unknown}


   Skills:
 + Level 7.9 Fighting
 + Level 6.1 Dodging
 + Level 8.6 Shields
 * Level 12.7 Unarmed Combat


You had 10 spell levels left.
You didn't know any spells.
Your spell library contained the following spells:

 Spells                   Type           Power      Damage    Failure   Level
 Foxfire                  Conj/Fire      0%         2x1d4     69%         1
 Magic Dart               Conj           0%         1d3       69%         1
 Slow                     Hex            0%         N/A       69%         1
 Call Imp                 Summ           0%         N/A       83%         2
 Ensorcelled Hibernation  Hex/Ice        0%         N/A       83%         2
 Confusing Touch          Hex            0%         N/A       96%         3
 Mephitic Cloud           Conj/Pois/Air  0%         N/A       96%         3
 Spider Form              Tmut/Pois      0%         N/A       96%         3
 Vampiric Draining        Necr           0%         2d6       96%         3
 Anguish                  Hex/Necr       0%         N/A       100%        4
 Corpse Rot               Necr/Pois/Air  0%         N/A       100%        4
 Dispel Undead            Necr           0%         3d6       100%        4
 Death Channel            Necr           0%         N/A       100%        6
 Dispersal                Tloc           0%         N/A       100%        6
 Disjunction              Tloc           0%         N/A       100%        8


Dungeon Overview and Level Annotations

Branches:
Dungeon (11/15)            Temple (1/1) D:6            Lair (0/5) D:8
  Sewer (visited)
    Orc: D:9-12

Altars:
Ashenzari
Cheibriados
Dithmenos
Elyvilon
Fedhas
Gozag
Hepliaklqana
Kikubaaqudgha
Makhleb
Nemelex Xobeh
Okawaru
Qazlal
Ru
Sif Muna
Trog
Uskayaw
Vehumet
Wu Jian
Yredelemnul
Zin
The Shining One

Shops:
D:7 :

Annotations:
D:11 Nergalle


Innate Abilities, Weirdness & Mutations

You are too large for most types of armour.
You have claws for hands.
Your natural rate of healing is unusually fast.
You are covered in fur. (AC +1)
You have tough skin. (AC +1)


Message History

The spectral orc warrior hits you with a +0 dire flail!
* * * LOW HITPOINT WARNING * * *
The spectral orc warrior barely misses you.
You block the yak's attack.
You mangle the yak!!
The yak is almost dead.
The spectral orc warrior closely misses you.
You block the spectral orc warrior's attack.
The yak gores you but does no damage.
You eviscerate the yak!!!
You kill the yak!
The Council accepts your kill.
You block the spectral orc warrior's attack. x2
Nergalle points at you and mumbles some strange words.
Orcish apparitions take form around you.
You mangle the spectral orc knight!!
You destroy the spectral orc knight!
The spectral orc knight disappears in a puff of smoke!
The spectral orc warrior hits you with a +0 dire flail!
* * * LOW HITPOINT WARNING * * *
You feel drained.
* * * LOW HITPOINT WARNING * * *
You block the spectral orc warrior's attack.
You barely miss Nergalle.
You block the spectral orc warrior's attack. x2
You closely miss Nergalle. Nergalle hits you but does no damage.
You block the spectral orc warrior's attack.
The spectral orc warrior hits you with a +0 war axe!
* * * LOW HITPOINT WARNING * * *
You scratch Nergalle but do no damage.
Nergalle points at you and mumbles some strange words.
Orcish apparitions take form around you.
The spectral orc warrior hits you with a +0 war axe.
* * * LOW HITPOINT WARNING * * *
The spectral orc warrior hits you with a +0 dire flail!
* * * LOW HITPOINT WARNING * * *
You feel much better. Nergalle casts a spell at you.
The bolt of negative energy hits you!!
You feel drained.
You die... .. ##.#### .....# ....# ...# ###### ZY#

#....# . #o#
#....# .<.
#@###....#
.....#ZZ##....#
#...ZZZ.....###
#.....#.......#
#.....#.......#
####..).......#
#..........#
#..........#
#..........#


You could see Nergalle, 6 spectral orc warriors and a yak.

Vanquished Creatures
  Gastronok (D:10)
  A two-headed ogre (D:9)
  Pikel (D:5)
  A cyclops (D:11)
  A manticore (D:11)
  2 trolls
  A hornet (D:9)
  A queen bee (D:10)
  Prince Ribbit (D:7)
  A wyvern (D:9)
  A wraith (D:6)
  22 yaks
  2 vampires
  3 vampire mosquitoes (D:10)
  Menkaure (D:6)
  An acid dragon (D:6)
  A water moccasin (D:5)
  5 orc warriors
  3 black bears
  Pargi (Sewer)
  An ice beast (D:6)
  An ogre (D:6)
  3 centaurs
  2 lemures (D:5)
  4 wolves (D:8)
  A phantom (D:3)
  4 gnoll sergeants
  A kobold brigand (D:11)
  2 bullfrogs
  3 scorpions
  5 wights (D:10)
  15 killer bees
  3 howler monkeys
  An electric eel (D:8)
  2 lava snakes (D:10)
  3 hounds
  4 jellies
  9 orc priests
  Crazy Yiuf (D:7)
  4 iguanas
  8 orc wizards
  29 gnolls
  8 adders
  A river rat (D:3)
  An ufetubus (D:5)
  2 worms
  4 dart slugs
  39 orcs
  2 bats
  4 endoplasms
  2 giant cockroaches
  7 goblins
  5 hobgoblins
  6 jackals
  3 quokkas
  4 ball pythons
  7 frilled lizards
  14 kobolds
  9 rats
275 creatures vanquished.

Vanquished Creatures (others)
  2 fungi (D:2)
  28 plants
30 creatures vanquished.

Grand Total: 305 creatures vanquished

Notes
Turn   | Place    | Note
-------+----------+-------------------------------------------
     0 | D:1      | LustLizard the Troll Fighter began the quest for the Orb.
     0 | D:1      | Reached XP level 1. HP: 22/22 MP: 0/0
   205 | D:1      | Reached XP level 2. HP: 29/29 MP: 1/1
   914 | D:2      | Reached XP level 3. HP: 36/36 MP: 2/2
  1075 | D:2      | Found a faded altar of an unknown god.
  1083 | D:2      | Got Plato's Incunabulum of Combustion
  1090 | D:2      | Reached skill level 3 in Unarmed Combat
  1403 | D:3      | Reached XP level 4. HP: 39/44 MP: 3/3
  1488 | D:3      | Noticed a phantom
  1507 | D:3      | Killed a phantom
  1508 | D:3      | Reached skill level 4 in Unarmed Combat
  1508 | D:3      | Reached XP level 5. HP: 39/53 MP: 4/4
  1547 | D:3      | Found a glowing drain.
  1601 | D:3      | Found the amulet of Elemental Vulnerability {rPois rF--
                  | rC-- AC+8}
  1698 | Sewer    | Entered a sewer
  1737 | Sewer    | Noticed Pargi
  1749 | Sewer    | Killed Pargi
  1750 | Sewer    | Reached XP level 6. HP: 60/61 MP: 5/5
  2282 | D:4      | Reached skill level 5 in Unarmed Combat
  2470 | D:4      | Reached XP level 7. HP: 68/68 MP: 6/6
  2663 | D:4      | Reached skill level 6 in Unarmed Combat
  3043 | D:5      | Entered Level 5 of the Dungeon
  3126 | D:5      | Noticed a yak
  3127 | D:5      | Noticed a yak
  3128 | D:5      | Noticed a yak
  3128 | D:5      | Noticed a yak
  3129 | D:5      | Noticed a yak
  3130 | D:5      | Noticed a yak
  3141 | D:5      | Killed a yak
  3148 | D:5      | Killed a yak
  3149 | D:5      | Reached skill level 5 in Shields
  3149 | D:5      | Reached XP level 8. HP: 79/79 MP: 7/7
  3154 | D:5      | Reached skill level 7 in Unarmed Combat
  3164 | D:5      | Reached skill level 5 in Fighting
  3168 | D:5      | Reached skill level 8 in Unarmed Combat
  3470 | D:5      | Reached XP level 9. HP: 88/88 MP: 8/8
  3731 | D:6      | Noticed Pikel
  3797 | D:6      | Found a shimmering blue altar of Sif Muna.
  3804 | D:6      | Found a shadowy altar of Dithmenos.
  3812 | D:6      | Found a basalt altar of Yredelemnul.
  3819 | D:6      | Found an iron altar of Okawaru.
  3825 | D:6      | Found a stormy altar of Qazlal.
  3833 | D:6      | Found a blossoming altar of Fedhas.
  3838 | D:6      | Found a glowing golden altar of the Shining One.
  3869 | D:5      | Killed Pikel
  3870 | D:5      | Reached skill level 9 in Unarmed Combat
  4248 | D:6      | Noticed Menkaure
  4256 | D:6      | Killed Menkaure
  4442 | D:6      | Found a staircase to the Ecumenical Temple.
  4450 | Temple   | Entered the Ecumenical Temple
  4500 | Temple   | Became a worshipper of the Wu Jian Council
  4629 | D:7      | Reached skill level 10 in Unarmed Combat
  4816 | D:7      | Reached XP level 10. HP: 100/100 MP: 9/9
  4876 | D:7      | Noticed Prince Ribbit
  4889 | D:7      | Killed Prince Ribbit
  5031 | D:7      | Found a runed translucent door.
  5032 | D:7      | Noticed Crazy Yiuf
  5120 | D:7      | Found Jyiroub's Book Boutique.
  5211 | D:7      | Killed Crazy Yiuf
  5340 | D:8      | Reached * piety under Wu Jian
  5370 | D:8      | Found a staircase to the Lair.
  6234 | D:9      | Reached skill level 11 in Unarmed Combat
  6313 | D:9      | Reached ** piety under Wu Jian
  6419 | D:9      | Reached skill level 5 in Dodging
  6419 | D:9      | Noticed a two-headed ogre
  6437 | D:9      | Killed a two-headed ogre
  6438 | D:9      | Reached XP level 11. HP: 48/109 MP: 10/10
  6691 | D:9      | Found an opulent altar of Gozag.
  6692 | D:9      | Found a broken altar of Ashenzari.
  6879 | D:10     | Entered Level 10 of the Dungeon
  6921 | D:10     | Found a hide-covered altar of Uskayaw.
  6976 | D:10     | Reached skill level 12 in Unarmed Combat
  7069 | D:10     | Identified the +2 robe of Ovesak {rElec}
  7104 | D:10     | Reached *** piety under Wu Jian
  7177 | D:10     | Noticed Gastronok
  7226 | D:10     | Killed Gastronok
  7835 | D:11     | Identified the ring "Giygystrai" {EV+4 Str+4}
  7903 | D:11     | Noticed Nergalle
  7930 | D:11     | HP: 5/100 [spectral orc warrior/+0 dire flail[Nergalle]
                  | (7)]
  7931 | D:11     | Killed from afar by Nergalle

Illustrated notes

Levels and vault maps discovered:
D:1:      minmay_arrival_loop, layout_basic, amcnicky_mini_pool_small,
          chequers_serial_rivers_room_a, st_stairs_6
D:2:      layout_loops_ring, shapermc_ecumenical_altar_rom_forum,
          minmay_box_of_dots
D:3:      layout_basic, portal_sewer_entry_b
D:4:      layout_cave_pods, hangedman_feature_mirror
D:5:      layout_rooms
D:6:      layout_cave_pools, grunt_temple_overflow_octagram,
          minmay_temple_entry_butterflies, uniq_pikel, uniq_menkaure
D:7:      layout_gridville, serial_shops, nicolae_shop_stone,
          uniq_crazy_yiuf_cottage, uniq_prince_ribbit1
D:8:      layout_loops_ring, erik_lair_island, serial_bayou_lagoon_b
D:9:      layout_roguey, mainiacjoe_overflow_divided_tiny,
          hangedman_decor_slide_cut
D:10:     layout_cave_pods, nicolae_uskayaw_suspiria, serial_column_ruins,
          column_ruins_hut_ruined, column_ruins_hut,
          column_ruins_columns_corner, column_ruins_grid_3,
          column_ruins_open_small, column_ruins_grid_3,
          nicolae_looking_at_the_future, uniq_gastronok
D:11:     layout_basic, uniq_nergalle
Temple:   nicolae_temple_x_marks_the_god

Skill      XL: |  1  2  3  4  5  6  7  8  9 10 11 |
---------------+----------------------------------+-----
Shields        | 3 4 5 6 7 8 |  8.6
Unarmed Combat | 3 4 5 6 8 10 11 12 | 12.7
Fighting       | 3 4 5 6 7 |  7.9
Dodging        | 3 5 6 |  6.1

Action                   |  1- 3 |  4- 6 |  7- 9 | 10-12 || total
-------------------------+-------+-------+-------+-------++-------
Melee: Unarmed           |   111 |   131 |   272 |   350 ||   864
Throw: Throwing net      |       |       |     1 |       ||     1
Invok: Lunge             |       |       |     7 |    18 ||    25
       Whirlwind         |       |       |       |     2 ||     2
  Use: Scroll            |     3 |     5 |     2 |     4 ||    14
       Potion            |       |       |       |     3 ||     3
 Stab: Sleeping          |       |     1 |     1 |       ||     2
Armor: Robe              |    30 |    60 |    66 |       ||   156
       Acid dragon scale |       |       |    30 |   138 ||   168
Dodge: Dodged            |    36 |    43 |    81 |   137 ||   297
Block: Kite shield       |    31 |    48 |   119 |   217 ||   415
